 Dungeon Crawl Stone Soup version 0.30-a0-859-gf88a04b62d (webtiles) character file.

Game seed: 866551513085171314

1134 Juicyj the Grave Robber (level 8, -4/58 HPs)
             Began as a Gnoll Wanderer on Mar 3, 2023.
             Slain by a two-headed ogre
             ... wielding a +0 giant spiked club
              (17 damage)
             ... on level 6 of the Dungeon on Mar 6, 2023.
             The game lasted 00:17:33 (6239 turns).

Juicyj the Grave Robber (Gnoll Wanderer)            Turns: 6239, Time: 00:17:33

Health: -4/58      AC:  6    Str: 13    XL:     8   Next: 36%
Magic:  10/14      EV: 13    Int: 10    God:
Gold:   254        SH:  0    Dex: 14    Spells: 10/15 levels left

rFire   . . .      SeeInvis .    o - +1 scythe (spect)
rCold   + . .      Faith    .    (shield currently unavailable)
rNeg    . . .      Spirit   .    n - +2 robe {Archmagi}
rPois   .          Reflect  .    (no helmet)
rElec   .          Rampage  .    (no cloak)
rCorr   .          Archmagi +    (no gloves)
Will    .....                    (no boots)
Stlth   ++                       (no amulet)
HPRegen 0.29/turn                k - ring of protection from cold
MPRegen 0.14/turn                (no ring)

@: no status effects
A: fangs 1, strong nose, distributed training, talons 1, iridescent scales 1,
MP-powered wands
a: no special abilities


You were on level 6 of the Dungeon.
You visited 1 branch of the dungeon, and saw 6 of its levels.

You collected 254 gold pieces.

Inventory:

Hand Weapons
 a - a +1 sling
 o - a +1 spectral scythe (weapon)
Armour
 b - a +0 scale mail
 n - a +2 robe of the Archmagi (worn)
Jewellery
 k - a ring of protection from cold (left hand)
Wands
 t - a wand of iceblast (17)
Scrolls
 g - a scroll of magic mapping
 l - a scroll of poison
Potions
 c - 2 potions of brilliance
 d - 3 potions of curing
 e - 2 potions of flight
 f - 2 potions of mutation
 h - a potion of berserk rage
 i - a potion of degeneration


   Skills:
 + Level 3.3 Fighting
 + Level 3.3 Short Blades
 + Level 3.3 Long Blades
 + Level 3.3 Axes
 + Level 3.3 Maces & Flails
 + Level 3.3 Polearms
 + Level 3.3 Staves
 + Level 7.4 Ranged Weapons
 + Level 3.3 Throwing
 + Level 4.2 Armour
 + Level 3.3 Dodging
 + Level 3.3 Stealth
 + Level 3.3 Shields
 + Level 3.3 Unarmed Combat
 + Level 4.4 Spellcasting
 + Level 2.7 Conjurations
 + Level 2.7 Hexes
 + Level 2.7 Summonings
 + Level 7.6 Necromancy
 + Level 2.7 Translocations
 + Level 2.7 Transmutations
 + Level 2.7 Fire Magic
 + Level 2.7 Ice Magic
 + Level 2.7 Air Magic
 + Level 2.7 Earth Magic
 + Level 2.7 Poison Magic
 + Level 4.5 Invocations
 + Level 3.3 Evocations


You had 10 spell levels left.
You knew the following spells:

 Your Spells              Type           Power      Damage    Failure   Level
a - Necrotise             Necr           100%       1d9       1%          1
b - Anguish               Hex/Necr       9%         N/A       28%         4

Your spell library contained the following spells:

 Spells                   Type           Power      Damage    Failure   Level
 Sublimation of Blood     Necr           26%        N/A       1%          2
 Lesser Beckoning         Tloc           22%        N/A       12%         2
 Gell's Gravitas          Tloc           11%        N/A       24%         3
 Teleport Other           Tloc           11%        N/A       24%         3


Dungeon Overview and Level Annotations

Branches:
Dungeon (5/15)
 Temple: D:4-7

Altars:
Vehumet
Xom


Innate Abilities, Weirdness & Mutations

You have very sharp teeth.
Your uncanny sense of smell can sniff out nearby items.
Your experience applies equally to all skills.
You have sharp toenails.
You are partially covered in iridescent scales. (AC +2)
You expend magic power (3 MP) to strengthen your wands.


Message History

No target in view!
As you read the scroll of identify, it crumbles to dust.
m - a scroll of fog
As you read the scroll of identify, it crumbles to dust.
i - a potion of degeneration
As you read the scroll of enchant weapon, it crumbles to dust.
Your +0 sling glows red for a moment.
Okay, then.
Okay, then.
A two-headed ogre comes into view.
It is wielding a +0 giant spiked club and a +0 dire flail.
a - a +1 sling (weapon)
The two-headed ogre shouts in stereo!
You shoot a sling bullet.
The sling bullet hits the two-headed ogre.
The two-headed ogre is lightly wounded.
You shoot a sling bullet.
The sling bullet hits the two-headed ogre but does no damage.
The two-headed ogre is lightly wounded.
You shoot a sling bullet.
The sling bullet hits the two-headed ogre!
The two-headed ogre is lightly wounded.
You feel a bond with your +1 spectral scythe.
o - a +1 spectral scythe (weapon)
The two-headed ogre hits you with a +0 giant spiked club!!
The two-headed ogre hits you with a +0 dire flail!
Casting: Anguish (quite dangerous; 28% risk of failure)
Confirm with . or Enter, or press ? or * to list all spells.
The spell is quite dangerous to miscast (28% risk of failure)!
Continue anyway?
Casting: Anguish (quite dangerous; 28% risk of failure)
Press: ? - help, Dir - look around, f - activate You feel a surge of power!
The two-headed ogre resists with some effort.
As you read the scroll of fog, it crumbles to dust.
The scroll dissolves into smoke.
The two-headed ogre hits you with a +0 giant spiked club!
* * * LOW HITPOINT WARNING * * *
The two-headed ogre misses you.
The two-headed ogre attacks as you move away!
The two-headed ogre hits you with a +0 giant spiked club!
You die...

.# .# #### #.#
...# #.#
##.### #.#
#########
.....#####.#
#§§......
#.......##.##
#O#
..#####.#...##
#@# #.#
#......###§#
#.#
#........§§#
..#
#.##.#######
#.#
..#####.##.#
#.#
........##.#
#.#
..########+##
#.# ###
##...## #.# ##
##.....##
####.#


You could see a two-headed ogre.

Vanquished Creatures
  Prince Ribbit (D:6)
  Sigmund (D:2)
  Eustachio (D:6)
  2 black bears
  A howler monkey (D:5)
  A jelly (D:4)
  A hound (D:4)
  An orc priest (D:4)
  Jessica (D:3)
  3 iguanas
  2 orc wizards
  Ijyb (D:3)
  8 adders
  A white imp (D:6)
  An ufetubus (D:5)
  3 dart slugs
  6 orcs
  6 endoplasms
  4 giant cockroaches
  6 goblins
  5 hobgoblins
  5 jackals (D:1)
  11 kobolds
  A quokka (D:1)
  4 ball pythons
  4 bats
  A frilled lizard (D:1)
  5 rats
87 creatures vanquished.

Vanquished Creatures (collateral kills)
  A dart slug (D:3)
  A hobgoblin (D:2)
  A quokka (D:1)
3 creatures vanquished.

Vanquished Creatures (others)
  A plant (D:1)
1 creature vanquished.

Grand Total: 91 creatures vanquished

Notes
Turn   | Place    | Note
-------+----------+-------------------------------------------
     0 | D:1      | Juicyj the Gnoll Wanderer began the quest for the Orb.
     0 | D:1      | Juicyj set off with the following items: a +0 sling, a +0
                  | scale mail, a scroll of blinking; and the following spell
                  | memorised: Necrotise; and the following spells available to
                  | memorise: Sublimation of Blood, Anguish.
     0 | D:1      | Reached XP level 1. HP: 13/13 MP: 4/4
   253 | D:1      | Reached XP level 2. HP: 20/20 MP: 5/5
   345 | D:1      | Found a faded altar of an unknown god.
   921 | D:1      | Reached XP level 3. HP: 25/25 MP: 1/7
  1137 | D:2      | Found a shimmering altar of Xom.
  1141 | D:2      | Noticed Sigmund
  1993 | D:2      | Reached skill level 1 in Fighting
  1993 | D:2      | Reached skill level 1 in Short Blades
  1993 | D:2      | Reached skill level 1 in Long Blades
  1993 | D:2      | Reached skill level 1 in Axes
  1993 | D:2      | Reached skill level 1 in Maces & Flails
  1993 | D:2      | Reached skill level 1 in Polearms
  1993 | D:2      | Reached skill level 1 in Staves
  1993 | D:2      | Reached skill level 1 in Throwing
  1993 | D:2      | Reached skill level 1 in Dodging
  1993 | D:2      | Reached skill level 1 in Stealth
  1993 | D:2      | Reached skill level 1 in Shields
  1993 | D:2      | Reached skill level 1 in Unarmed Combat
  1993 | D:2      | Reached skill level 1 in Evocations
  3114 | D:2      | Killed Sigmund
  3115 | D:2      | Reached skill level 1 in Conjurations
  3115 | D:2      | Reached skill level 1 in Hexes
  3115 | D:2      | Reached skill level 1 in Summonings
  3115 | D:2      | Reached skill level 1 in Translocations
  3115 | D:2      | Reached skill level 1 in Transmutations
  3115 | D:2      | Reached skill level 1 in Fire Magic
  3115 | D:2      | Reached skill level 1 in Ice Magic
  3115 | D:2      | Reached skill level 1 in Air Magic
  3115 | D:2      | Reached skill level 1 in Earth Magic
  3115 | D:2      | Reached skill level 1 in Poison Magic
  3115 | D:2      | Reached XP level 4. HP: 17/33 MP: 7/9
  3115 | D:2      | Reached XP level 5. HP: 20/38 MP: 7/10
  3264 | D:3      | Reached XP level 6. HP: 44/44 MP: 11/11
  4024 | D:3      | Noticed Ijyb
  4027 | D:3      | Noticed Jessica
  4037 | D:3      | Killed Ijyb
  4280 | D:3      | Killed Jessica
  4702 | D:3      | Gained mutation: You have sharp toenails. [potion of
                  | mutation]
  4702 | D:3      | Gained mutation: You expend magic power (3 MP) to
                  | strengthen your wands. [potion of mutation]
  4702 | D:3      | Gained mutation: You are partially covered in iridescent
                  | scales. (AC +2) [potion of mutation]
  4810 | D:4      | Upgraded the game from 0.30-a0-847-g17996783a1 to
                  | 0.30-a0-859-gf88a04b62d
  4947 | D:4      | Reached XP level 7. HP: 41/50 MP: 12/12
  5227 | D:4      | Found a radiant altar of Vehumet.
  5417 | D:5      | Entered Level 5 of the Dungeon
  5700 | D:5      | You fall into a shaft and drop 1 floor!
  5713 | D:6      | Noticed Prince Ribbit
  5732 | D:6      | Killed Prince Ribbit
  5733 | D:6      | Reached XP level 8. HP: 25/58 MP: 8/14
  5973 | D:6      | Learned a level 4 spell: Anguish
  6060 | D:6      | Noticed Eustachio
  6068 | D:6      | Killed Eustachio
  6230 | D:6      | Noticed a two-headed ogre
  6239 | D:6      | Slain by a two-headed ogre

Illustrated notes

Levels and vault maps discovered:
D:1:      erik_arrival_blinker_ship, layout_loops_corners,
          dreamdust_ecumenical_altar_grove, amethyst_killhole
D:2:      layout_rooms, basic_altar, serial_shops, shop,
          kennysheep_generic_room_15, uniq_sigmund, uniq_crazy_yiuf_cottage
D:3:      layout_basic, chequers_serial_rivers_small_3, minmay_ruptured,
          uniq_jessica, uniq_ijyb
D:4:      layout_rooms, marbit_many_paths, kennysheep_orc_chapel
D:5:      layout_loops_cross, temple_hall, dreamdust_wishing_well
D:6:      layout_loops_corners, uniq_prince_ribbit1, uniq_eustachio

Skill      XL: |  1  2  3  4  5  6  7 |
---------------+----------------------+-----
Fighting       | 1 2 3 |  3.3
Short Blades   | 1 2 3 |  3.3
Long Blades    | 1 2 3 |  3.3
Axes           | 1 2 3 |  3.3
Maces & Flails | 1 2 3 |  3.3
Polearms       | 1 2 3 |  3.3
Staves         | 1 2 3 |  3.3
Throwing       | 1 2 3 |  3.3
Dodging        | 1 2 3 |  3.3
Stealth        | 1 2 3 |  3.3
Shields        | 1 2 3 |  3.3
Unarmed Combat | 1 2 3 |  3.3
Evocations     | 1 2 3 |  3.3
Armour         | 3 4 |  4.2
Spellcasting   | 3 4 |  4.4
Conjurations   | 1 2 |  2.7
Hexes          | 1 2 |  2.7
Summonings     | 1 2 |  2.7
Translocations | 1 2 |  2.7
Transmutations | 1 2 |  2.7
Fire Magic     | 1 2 |  2.7
Ice Magic      | 1 2 |  2.7
Air Magic      | 1 2 |  2.7
Earth Magic    | 1 2 |  2.7
Poison Magic   | 1 2 |  2.7
Invocations    | 3 4 |  4.5
Ranged Weapons | 7 |  7.4
Necromancy     | |  7.6

Action                     |  1- 3 |  4- 6 |  7- 9 || total
---------------------------+-------+-------+-------++-------
  Melee: Halberd           |       |    31 |    38 ||    69
         Bite              |       |     3 |     3 ||     6
         Kick              |       |       |     5 ||     5
   Fire: Sling             |    84 |    71 |    55 ||   210
   Cast: Necrotise         |    90 |    16 |    13 ||   119
         Anguish           |       |       |     1 ||     1
    Use: Potion            |     1 |     6 |     1 ||     8
         Scroll            |       |     8 |     6 ||    14
   Stab: Sleeping          |       |     1 |     3 ||     4
 Armour: Scale mail        |    48 |       |       ||    48
         Robe              |       |    14 |    24 ||    38
  Dodge: Dodged            |    52 |    42 |    40 ||   134

Table legend: (Time is in decaauts)
 A = Elapsed time spent in this place.
 B = Non-inter-level travel time spent in this place.
 C = Inter-level travel time spent in this place.
 D = Time resting spent in this place.
 E = Time spent auto-exploring this place.
 F = Levels seen in this place.
 G = Mean time per level.
                   A        B        C        D        E       F      G
               +--------+--------+--------+--------+--------+-----+--------+
         Total |   6316 |   6211 |    105 |   2325 |   3052 |   6 | 1052.7 |
       Dungeon |   6316 |   6211 |    105 |   2325 |   3052 |   6 | 1052.7 |
               +--------+--------+--------+--------+--------+-----+--------+

Top non-repeatable levels by time:
     D:3: 2191 daAuts
     D:1: 1708 daAuts
     D:4: 921 daAuts
     D:2: 668 daAuts
     D:6: 544 daAuts
     D:5: 283 daAuts
